 Dungeon Crawl Stone Soup version 0.30-a0-1116-gebefce21f7 (webtiles) character file.

Game seed: 17970387274242374757

954 avis the Ducker (level 7, -4/61 HPs)
             Began as a Demigod Transmuter on Apr 21, 2023.
             Engulfed by a steam dragon's steam (8 damage)
             ... on level 5 of the Dungeon on Apr 22, 2023.
             The game lasted 00:37:22 (4601 turns).

avis the Ducker (Demigod Transmuter)                Turns: 4601, Time: 00:37:23

Health: -4/61      AC:  2    Str: 11    XL:     7   Next: 59%
Magic:  10/14      EV: 25    Int: 21    God:
Gold:   242        SH:  0    Dex: 27    Spells: 2/12 levels left

rFire   . . .      SeeInvis .    a - melded +2 dagger (venom)
rCold   . . .      Faith    .    (shield currently unavailable)
rNeg    . . .      Spirit   .    f - melded +0 robe
rPois   x          Reflect  .    K - melded +0 helmet
rElec   .          Rampage  .    (cloak currently unavailable)
rCorr   .                        (gloves currently unavailable)
Will    .....                    r - melded +0 pair of boots
Stlth   ++                       (no amulet)
HPRegen 0.30/turn                l - +6 ring of intelligence
MPRegen 0.14/turn                t - ring of wizardry

@: mighty, spider-form
A: venomous fangs, tiny, high MP 1, forlorn, divine attributes
a: End Transformation


You were on level 5 of the Dungeon.
You were a venomous arachnid creature.
You visited 1 branch of the dungeon, and saw 5 of its levels.
You also visited: Sewer.

You collected 242 gold pieces.

Inventory:

Hand Weapons
 a - a +2 dagger of venom (melded)
 b - a +1 short sword of protection
 k - a +0 sling
 s - a +2 dagger of venom
 w - a +4 dagger
 G - a +0 dagger of draining
Missiles
 c - 35 stones
 i - 2 throwing nets
 u - 4 atropa-tipped darts
 M - 6 poisoned darts
Armour
 f - a +0 robe (melded)
 h - an orb of light
 r - a +0 pair of boots (melded)
 E - the +4 cloak of the Dungeon {rF+ Slay-5 Stlth+}
   (You found it on level 3 of the Dungeon)

   Slay:      It affects your accuracy & damage with ranged weapons and melee
   (-5).
   rF:        It protects you from fire.
   Stlth:     It makes you more stealthy.
 K - a +0 helmet (melded)
Magical Staves
 e - a staff of fire
Jewellery
 l - a +6 ring of intelligence (left front pincers)
 n - a ring of protection from fire
 t - a ring of wizardry (right front pincers)
 v - a ring of flight
 I - a ring of protection from cold
 L - a +6 ring of strength
Scrolls
 d - 5 scrolls of identify {unknown}
 g - 3 scrolls of noise {unknown}
 j - a scroll of vulnerability {unknown}
 o - a scroll of immolation {unknown}
 q - a scroll of blinking {unknown}
 x - a scroll of enchant armour {unknown}
 y - a scroll of butterflies {unknown}
 z - a scroll of amnesia {unknown}
 A - a scroll of acquirement {unknown}
 C - 3 scrolls of fear {unknown}
 D - a scroll of fog {unknown}
Potions
 m - a potion of brilliance
 p - 5 potions of lignification
 J - a potion of ambrosia {unknown}


   Skills:
 - Level 5.0 Fighting
 - Level 5.0 Dodging
 - Level 3.0 Unarmed Combat
 - Level 3.0 Spellcasting
 - Level 3.0 Transmutations
 * Level 1.8 Ice Magic
 - Level 1.0 Poison Magic


You had 2 spell levels left.
You knew the following spells:

 Your Spells              Type           Power      Damage    Failure   Level
a - Beastly Appendage     Tmut           30%        N/A       4%          1
e - Wereblood             Tmut           15%        N/A       7%          2
p - Spider Form           Tmut/Pois      11%        N/A       16%         3
q - Ice Form              Ice/Tmut       13%        N/A       32%         4

Your spell library contained the following spells:

 Spells                   Type           Power      Damage    Failure   Level
 Freeze                   Ice            40%        1d6       7%          1
 Frozen Ramparts          Ice            20%        1d4       16%         3
 Hailstorm                Conj/Ice       7%         3d4       21%         3
 Summon Guardian Golem    Hex/Summ       3%         N/A       28%         3
 Orb of Destruction       Conj           1%         9d5       100%        7
 Spellforged Servitor     Conj/Summ      1%         N/A       100%        7


Dungeon Overview and Level Annotations

Branches:
Dungeon (5/15)              Sewer (visited)
 Temple: D:4-7


Innate Abilities, Weirdness & Mutations

You are a venomous arachnid creature.
You have venomous fangs.
You are tiny and dextrous.
Your spellcasting is less reliable in this form.
Your armour is entirely melded.
You are incapable of wielding weapons or throwing items.
You have an increased reservoir of magic. (+10% MP)
You shall have no god before yourself.
Your divine heritage dramatically boosts your attributes as you level up.


Message History

The steam dragon is moderately wounded.
You hit the steam dragon.
The steam dragon is heavily wounded.
The steam dragon completely misses you. The steam dragon claws you.
You hit the steam dragon.
The steam dragon looks as sick as possible!
The steam dragon is heavily wounded.
The steam dragon completely misses you. x2
Your transformation has ended.
Your +2 dagger of venom unmelds from your body.
Your +0 helmet unmelds from your body.
Your +0 pair of boots unmelds from your body.
Your +0 robe unmelds from your body.
Your +2 dagger of venom begins to drip with poison!
The steam dragon misses you.
The steam dragon claws you but does no damage.
Casting: Spider Form (dangerous; 7% risk of failure)
Confirm with . or Enter, or press ? or * to list all spells.
You turn into a venomous arachnid creature.
Your +2 dagger of venom melds into your body.
Your +0 helmet melds into your body.
Your +0 pair of boots melds into your body.
Your +0 robe melds into your body.
Your +2 dagger of venom stops dripping with poison.
The steam dragon breathes steam at you. The ball of steam hits you!!
* * * LOW HITPOINT WARNING * * *
The steam dragon misses you. x2
You barely miss the steam dragon.
The steam dragon is severely wounded.
The steam dragon completely misses you. The steam dragon barely misses you.
You barely miss the steam dragon.
The steam dragon is severely wounded.
The steam dragon breathes steam at you. The ball of steam hits you!
* * * LOW HITPOINT WARNING * * *
It was a potion of might.
You feel very mighty all of a sudden.
You are engulfed in a cloud of scalding steam.
You die...

########.#
#........#
#.######## #.#
#.# #.#
######.#.# #.#
#........# #.#
###.####.### #.#
#sD...#
#.#####§###......
#......§# ..###)
#######.# .# #...
.# ##....[. .#
.###.## .## .#
#.# .. .###. ..


You could see a steam dragon (very poisoned, catching breath).

Vanquished Creatures
  Prince Ribbit (D:5)
  Menkaure (D:5)
  A phantom (D:4)
  2 scorpions (D:5)
  2 hounds (D:5)
  A jelly (D:5)
  Jessica (D:3)
  An iguana (D:2)
  A hell rat (Sewer)
  An orc wizard (D:4)
  11 adders
  3 gnolls (D:3)
  4 river rats (Sewer)
  2 worms (D:2)
  4 orcs
  8 bats
  6 endoplasms
  6 giant cockroaches
  8 goblins
  6 hobgoblins
  11 jackals
  5 quokkas
  9 ball pythons
  5 kobolds
  16 rats
116 creatures vanquished.

Notes
Turn   | Place    | Note
-------+----------+-------------------------------------------
     0 | D:1      | avis the Demigod Transmuter began the quest for the Orb.
     0 | D:1      | Reached XP level 1. HP: 15/15 MP: 5/5
    13 | D:1      | Reached skill level 1 in Fighting
   112 | D:1      | You fall into a shaft and drop 1 floor!
   285 | D:2      | Reached XP level 2. HP: 24/24 MP: 7/7
   446 | D:2      | Reached XP level 3. HP: 20/29 MP: 6/8
   456 | D:2      | Learned a level 2 spell: Wereblood
   460 | D:2      | Learned a level 3 spell: Spider Form
   525 | D:2      | Reached skill level 1 in Poison Magic
   630 | D:2      | Reached XP level 4. HP: 37/37 MP: 7/9
   937 | D:2      | Upgraded the game from 0.30-a0-1114-gd936c97349 to
                  | 0.30-a0-1116-gebefce21f7
  1635 | D:3      | HP: 2/57 [poisoned by an orc]
  1766 | D:3      | Noticed Jessica
  1777 | D:3      | Killed Jessica
  1778 | D:3      | Reached XP level 5. HP: 21/45 MP: 7/10
  1967 | D:3      | Found a glowing drain.
  1971 | Sewer    | Entered a sewer
  2344 | D:3      | Identified the +4 cloak of the Dungeon {rF+ Slay-5 Stlth+}
  2598 | D:3      | Noticed a tormentor
  2663 | D:4      | Reached XP level 6. HP: 52/52 MP: 11/11
  3724 | D:5      | Entered Level 5 of the Dungeon
  3937 | D:5      | HP: 3/79 [acid (8)]
  4151 | D:5      | Noticed Prince Ribbit
  4166 | D:5      | Killed Prince Ribbit
  4167 | D:5      | Reached skill level 5 in Fighting
  4167 | D:5      | Reached skill level 5 in Dodging
  4167 | D:5      | Reached XP level 7. HP: 39/61 MP: 6/13
  4249 | D:5      | Noticed Menkaure
  4270 | D:5      | Learned a level 4 spell: Ice Form
  4415 | D:5      | Killed Menkaure
  4416 | D:5      | Reached skill level 1 in Ice Magic
  4580 | D:5      | Noticed a steam dragon
  4601 | D:5      | Engulfed by a steam dragon's steam

Illustrated notes

Levels and vault maps discovered:
D:1:      dpeg_arrival_arbitrary_b, layout_rooms, chequers_serial_rivers_marsh
D:2:      layout_rooms, amcnicky_mini_rare_corridor_liquid
D:3:      layout_basic, dreamdust_ecumenical_altar_sealed_demon,
          gup_sewer_entry_spiral, minmay_fractal_squares_diagonal_5,
          uniq_jessica
D:4:      layout_gridville
D:5:      layout_loops_ring, nicolae_tso_carved_into_rock, zin_statuary,
          uniq_prince_ribbit1, uniq_menkaure

Skill      XL: |  1  2  3  4  5  6  7 |
---------------+----------------------+-----
Fighting       | 2 3 5 |  5.0
Unarmed Combat | 3 |  3.0
Dodging        | 2 3 5 |  5.0
Spellcasting   | 2 3 |  3.0
Transmutations | 2 3 |  3.0
Poison Magic   | 1 |  1.0
Ice Magic      | 1 |  1.8

Action                     |  1- 3 |  4- 6 |  7- 9 || total
---------------------------+-------+-------+-------++-------
  Melee: Unarmed           |    13 |   103 |    33 ||   149
         Kick              |    19 |    21 |       ||    40
         Dagger            |    65 |   134 |       ||   199
         Headbutt          |     9 |     8 |       ||    17
         Punch             |     1 |     4 |       ||     5
   Cast: Beastly Appendage |    15 |    23 |       ||    38
         Spider Form       |       |    20 |     5 ||    25
         Ice Form          |       |       |     1 ||     1
    Use: Potion            |       |     7 |     1 ||     8
   Stab: Sleeping          |       |     4 |       ||     4
 Armour: Robe              |    12 |    16 |     1 ||    29
         Skin              |       |    10 |     1 ||    11
  Dodge: Dodged            |    58 |   166 |    32 ||   256

Table legend: (Time is in decaauts)
 A = Elapsed time spent in this place.
 B = Non-inter-level travel time spent in this place.
 C = Inter-level travel time spent in this place.
 D = Time resting spent in this place.
 E = Time spent auto-exploring this place.
 F = Levels seen in this place.
 G = Mean time per level.
                   A        B        C        D        E       F      G
               +--------+--------+--------+--------+--------+-----+--------+
         Total |   4624 |   4270 |    354 |   1103 |   1505 |   6 |  770.7 |
       Dungeon |   4324 |   3970 |    354 |    928 |   1505 |   5 |  864.8 |
         Sewer |    299 |    299 |      0 |    175 |      0 |   1 |  299.0 |
               +--------+--------+--------+--------+--------+-----+--------+

Top non-repeatable levels by time:
     D:3: 1133 daAuts
     D:4: 1083 daAuts
     D:2: 723 daAuts
     D:5: 723 daAuts
     D:1: 661 daAuts
   Sewer: 299 daAuts
